[Event "ICC 45 45"]
[Site "Internet Chess Club"]
[Date "2006.07.30"]
[Round "6"]
[White "BartL"]
[Black "LIVVI"]
[Result "0-1"]
[WhiteElo "1651"]
[BlackElo "1626"]
[TimeControl "2700+45"]

1. d4 d5 2. c4 Nf6 3. Nc3 c6 4. e3 Bf5 5. Nf3 e6 6. Be2 dxc4 7. Bxc4 Nbd7 8. a4
Ne4 9. O-O Bd6 10. Nxe4 Bxe4 11. Nd2 Bd5 12. e4 Bxc4 13. Nxc4 Bc7 14. e5 O-O 15.
Qg4 Re8 16. Bh6 g6 17. Ra3 Qe7 18. Rh3 f5 19. Qg3 Nb6 20. Bg5 Qd7 21. Nd6 Bxd6
22. exd6 Rf8 23. Be7 Rf7 24. Qe5 Nd5 25. Bg5 f4 26. g4 fxg3 27. fxg3 Rxf1+ 28.
Kxf1 Rf8+ 29. Kg2 Rf5 30. Rxh7 Kxh7 {White resigns} 0-1  aics%

[Event "Team 45 45 League T31"]
[Site "Internet Chess Club"]
[Date "2006.07.30"]
[Round "6"]
[White "Pawndemonium"]
[Black "Hastings"]
[Result "1/2-1/2"]
[WhiteElo "1574"]
[BlackElo "1299"]
[TimeControl "2700+45"]

1. Nf3 Nf6 2. g3 g6 3. Bg2 Bg7 4. d4 O-O 5. c4 c5 6. d5 d6 7. Nc3 a6 8. O-O Nbd7
9. e4 b5 10. cxb5 axb5 11. Qe2 b4 12. Nb5 Ba6 13. a4 Qa5 14. Bd2 Rab8 15. Bf4
Bxb5 16. axb5 Qxb5 17. Qxb5 Rxb5 18. Ra7 Rfb8 19. Rfa1 R5b7 20. b3 Nxe4 21. Rxb7
Rxb7 22. Ra8+ Nf8 23. Ne1 Nc3 24. Bh3 Nxd5 25. Bg2 e6 26. Bxd6 c4 27. bxc4 b3
28. cxd5 exd5 29. Nd3 b2 30. Nxb2 Rxb2 31. Bxd5 Rd2 32. Bxf8 Bxf8 33. Bb3 Kg7
34. Ra7 Rxf2 35. Kxf2 Bc5+ 36. Kf3 Bxa7 37. h3 f6 38. g4 h6 39. Ke4 Bf2 40. Be6
Bg3 41. Kd5 Kf8 42. Ke4 Ke7 43. Bc8 Kd6 44. Bb7 Be5 45. Bc8 Kc5 46. Be6 Kd6 47.
Bf7 h5 48. gxh5 gxh5 49. Bxh5 Ke7 50. Kf5 Kf8 51. Bg6 Kg7 52. h4 Kh6 53. h5 Kg7
54. Ke6 Kh6 55. Kf5 Ba1 {Game drawn by mutual agreement} 1/2-1/2  aics%

[Event "Team 45 45 League T31"]
[Site "Internet Chess Club"]
[Date "2006.07.29"]
[Round "6"]
[White "houseofcook"]
[Black "Tomate"]
[Result "0-1"]
[WhiteElo "1353"]
[BlackElo "1453"]
[TimeControl "2700+45"]

1. e4 e5 2. Nf3 Nc6 3. d4 exd4 4. Bc4 Bb4+ 5. c3 dxc3 6. bxc3 Be7 7. O-O d6 8.
Re1 Nf6 9. e5 dxe5 10. Qxd8+ Bxd8 11. Nxe5 O-O 12. Ba3 Nxe5 13. Rxe5 Re8 14.
Rxe8+ Nxe8 15. Nd2 Bd7 16. Nf3 Bf6 17. Rd1 Bc6 18. Rd3 Bxf3 19. Rxf3 Rd8 20. Rd3
Rxd3 21. Bxd3 c6 22. c4 Nc7 23. Bd6 Ne6 24. a4 Bd4 25. g4 Bc5 26. Bg3 g6 27. Kg2
a6 28. h4 Nd4 29. g5 b5 30. axb5 axb5 31. cxb5 cxb5 32. Be5 b4 33. Bxd4 Bxd4 34.
Bc4 Kg7 35. Kg3 f6 36. gxf6+ Bxf6 37. f3 h5 38. f4 Be7 39. Bb3 Bd6 40. Bd5 Kf6
41. Be4 b3 42. Kf3 b2 43. Bb1 Kf7 44. Ke4 Be7 45. f5 gxf5+ 46. Kxf5 Bxh4 47. Ke4
Bf6 48. Ba2+ Ke7 49. Kd3 h4 50. Kc2 h3 51. Bd5 h2 52. Bh1 Kd6 53. Kb1 Kc5 54.
Bg2 Kb4 55. Bd5 Kc3 56. Bh1 Kd2 57. Bg2 Ke2 58. Be4 Kf2 59. Bd5 Kg1 60. Be4 h1=Q
61. Bxh1 Kxh1 62. Kc2 Kg2 63. Kb1 Kf2 64. Kc2 Ke2 65. Kb1 Kd2 {White resigns}
0-1  aics%

[Event "Team 45 45 League T31"]
[Site "Internet Chess Club"]
[Date "2006.07.31"]
[Round "6"]
[White "Dalcon"]
[Black "BlindChess"]
[Result "0-1"]
[WhiteElo "1353"]
[BlackElo "1351"]
[TimeControl "2700+45"]

1. e4 c5 2. Nf3 d6 3. d4 cxd4 4. Nxd4 Nf6 5. Nc3 a6 6. Be2 e5 7. Nf3 Be6 8. Bg5
Be7 9. O-O O-O 10. Bxf6 Bxf6 11. Nd5 Nd7 12. Nxf6+ Nxf6 13. c4 Nxe4 14. Nd2 Nxd2
15. Qxd2 d5 16. cxd5 Qxd5 17. Qxd5 Bxd5 18. Rfd1 Rfd8 19. b3 f5 20. Rac1 Be6 21.
Rxd8+ Rxd8 22. Rc7 b5 23. Re7 Rd2 24. Kf1 Rxa2 25. Rxe6 Ra1+ 26. Bd1 Rxd1+ 27.
Ke2 Rb1 28. Rxe5 Rxb3 29. Rxf5 a5 30. Kd2 a4 31. Kc2 Rb4 32. Kc3 a3 33. Kxb4 a2
34. Rxb5 a1=Q 35. f3 Qb2+ {White resigns} 0-1  aics%

[Event "Team 45 45 League T31"]
[Site "Internet Chess Club"]
[Date "2006.07.29"]
[Round "6"]
[White "EyeAm"]
[Black "GLuft"]
[Result "1/2-1/2"]
[WhiteElo "1274"]
[BlackElo "1196"]
[TimeControl "2700+45"]

1. e4 e6 2. d4 d5 3. exd5 exd5 4. Nf3 c5 5. Bb5+ Bd7 6. Bxd7+ Nxd7 7. O-O Bd6 8.
Nc3 Ne7 9. Re1 O-O 10. a3 Re8 11. Nb5 Bc7 12. Nxc7 Qxc7 13. Bg5 Nf5 14. Qd3 Nxd4
15. Nxd4 cxd4 16. Qxd4 Qxc2 17. Qxd5 Qc7 18. Rac1 Rxe1+ 19. Rxe1 Qc6 20. Qxc6
bxc6 21. Re7 Nb6 22. Rc7 Nc4 23. Rxc6 Nxb2 24. Ra6 Nc4 25. Kf1 f6 26. Be3 Nxe3+
27. fxe3 Kf7 28. Ke2 Ke7 29. Kd3 Kd7 30. Kc4 Rc8+ 31. Kb5 Rc7 32. h4 f5 33. g3
Rb7+ 34. Kc5 Rc7+ 35. Kb5 Rb7+ 36. Kc5 Rc7+ 37. Kb5 Rb7+ {Game drawn by
repetition} 1/2-1/2  aics%

[Event "Team 45 45 League T31"]
[Site "Internet Chess Club"]
[Date "2006.07.28"]
[Round "6"]
[White "katabatico"]
[Black "WzeroMN"]
[Result "1-0"]
[WhiteElo "1214"]
[BlackElo "1190"]
[TimeControl "2700+45"]

1. e4 e5 2. Nf3 Nc6 3. Bb5 Nf6 4. O-O Bc5 5. Nxe5 Nxe5 6. d4 Nxe4 7. dxc5 Nxc5
8. Qd5 c6 9. Qxe5+ Qe7 10. Qxe7+ Kxe7 11. Re1+ Kd8 12. Bf1 Kc7 13. b4 Ne6 14.
Nc3 b5 15. a4 {Black resigns} 1-0  aics%

[Event "Team 45 45 League T31"]
[Site "Internet Chess Club"]
[Date "2006.07.30"]
[Round "6"]
[White "fuzzface"]
[Black "cazj"]
[Result "0-1"]
[WhiteElo "1327"]
[BlackElo "1366"]
[TimeControl "2700+45"]

1. c4 e5 2. g3 Bc5 3. e3 Nc6 4. Ne2 d6 5. Bg2 Nf6 6. O-O O-O 7. a3 Bf5 8. Bxc6
bxc6 9. d4 Bb6 10. b4 a5 11. c5 Ba7 12. Bb2 Re8 13. Re1 axb4 14. axb4 Nd5 15.
Nec3 Nxb4 16. g4 Qg5 17. f3 Nd3 18. Bc1 Nxe1 19. Qxe1 d5 20. e4 Qf6 21. g5 Qg6
22. h4 Bd7 23. Ra6 exd4 24. Nxd5 Bc8 25. Nf4 Bxa6 26. Nxg6 hxg6 27. Qa5 Bb5 28.
Ba3 Bxc5 29. Qxc7 Bxa3 30. Nxa3 Rxa3 31. Qb6 d3 32. Qd4 Raa8 33. h5 Red8 34. Qb2
d2 35. Kg2 d1=Q 36. hxg6 Qd2+ 37. Qxd2 Rxd2+ 38. Kg3 c5 39. gxf7+ Kxf7 40. Kg4
c4 {White resigns} 0-1  aics%

[Event "Team 45 45 League T31"]
[Site "Internet Chess Club"]
[Date "2006.07.31"]
[Round "6"]
[White "markev"]
[Black "klt713"]
[Result "0-1"]
[WhiteElo "1270"]
[BlackElo "1281"]
[TimeControl "2700+45"]

1. d4 d5 2. e3 Nf6 3. Bd3 Nc6 4. Nd2 e5 5. c3 Bd6 6. Ne2 O-O 7. O-O Bd7 8. e4
Ne7 9. exd5 Nexd5 10. Ne4 Nxe4 11. Bxe4 c6 12. Qd3 f5 13. Bxd5+ cxd5 14. dxe5
Bc7 15. Qxd5+ Kh8 16. f4 Bb6+ 17. Kh1 Bc6 18. Qb3 Qe8 19. Ng3 Qg6 20. Qc2 Rad8
21. Re1 Bd5 22. c4 Be6 23. b3 Ba5 24. Re2 Rd7 25. Qb2 Rd1+ 26. Re1 Rxe1+ 27. Nf1
Rxf1# {White checkmated} 0-1  aics%

[Event "Team 45 45 League T31"]
[Site "Internet Chess Club"]
[Date "2006.07.30"]
[Round "6"]
[White "Fogbound"]
[Black "Midwest-Rook"]
[Result "0-1"]
[WhiteElo "1264"]
[BlackElo "1358"]
[TimeControl "2700+45"]

1. d4 d5 2. Nf3 Bg4 3. Bg5 h6 4. Bh4 Nf6 5. Nbd2 Nc6 6. c3 e6 7. e3 a6 8. Bd3
Bd6 9. O-O g5 10. Bg3 Bxg3 11. fxg3 Bh5 12. h3 g4 13. Ne5 gxh3 14. Be2 Bxe2 15.
Qxe2 hxg2 16. Kxg2 Nxe5 17. dxe5 Nd7 18. Qh5 Qe7 19. Rf3 O-O-O 20. b4 Rdf8 21.
Raf1 Rh7 22. Nb3 Qg5 23. Qxg5 hxg5 24. Rh1 Rxh1 25. Kxh1 Nxe5 26. Rf6 b6 27. Nd4
Ng4 28. Rf3 Kd7 29. b5 a5 30. a4 Ne5 31. Rf6 Ke7 32. Rh6 Ng4 33. Nc6+ Kd6 34.
Rh5 Rg8 35. Rh7 f5 36. Ne7 Re8 37. Nc6 Nxe3 38. Rh6 Nd1 39. Nd4 Ke5 40. Nf3+ Kd6
41. Nd4 Nxc3 42. Nxf5+ Ke5 43. Ng7 Re7 44. Nh5 Nxa4 45. Nf6 Nc5 46. Ng4+ Kf5 47.
Ne3+ Ke4 48. Ng4 a4 49. Nf6+ Ke5 50. Ng4+ Kd6 51. Rh8 d4 52. Rd8+ Rd7 53. Ra8 d3
54. Nf6 d2 55. Nxd7 Nxd7 56. Rxa4 d1=Q+ 57. Kg2 Qxa4 58. Kh3 Qxb5 59. Kg4 c5 60.
Kxg5 c4+ 61. Kg6 c3 62. Kf7 c2 63. Ke8 Ne5+ 64. Kd8 Qd7# {White checkmated} 0-1 
aics%

[Event "Team 45 45 League T31"]
[Site "Internet Chess Club"]
[Date "2006.08.01"]
[Round "6"]
[White "rpgrossman"]
[Black "ffplayer"]
[Result "0-1"]
[WhiteElo "1094"]
[BlackElo "1196"]
[TimeControl "2700+45"]

1. Nf3 d6 2. c4 g6 3. g3 Bg7 4. Bg2 Nf6 5. O-O Nbd7 6. d3 e5 7. Bg5 O-O 8. Qd2
Re8 9. Bh6 Bh8 10. Ng5 Rb8 11. Bd5 Nxd5 12. cxd5 Nf6 13. Nc3 a6 14. Nge4 b5 15.
Bg5 Bf5 16. Nxf6+ Bxf6 17. Bxf6 Qxf6 18. e4 Bh3 19. Rfc1 Qf3 {White resigns} 0-1
 aics%

[Event "Team 45 45 League T31"]
[Site "Internet Chess Club"]
[Date "2006.07.30"]
[Round "6"]
[White "Zornorph"]
[Black "Budzo"]
[Result "1/2-1/2"]
[WhiteElo "1882"]
[BlackElo "1786"]
[TimeControl "2700+45"]

1. Nf3 d5 2. d4 Nf6 3. e3 e6 4. Bd3 c5 5. c3 Nc6 6. Nbd2 cxd4 7. exd4 Bd6 8. O-O
O-O 9. Re1 Bd7 10. Ne5 a6 11. Nf1 h6 12. Ng3 Ne7 13. Nh5 Nxh5 14. Qxh5 Nf5 15.
Bxf5 exf5 16. Bxh6 Bxe5 17. Rxe5 gxh6 18. Qxh6 Re8 19. f4 Re6 20. Rxe6 Bxe6 21.
Re1 Qf8 22. Qh4 Qd8 23. Qh6 Qf8 24. Qh4 Qd8 25. Qh6 {Game drawn by repetition}
1/2-1/2  aics%

[Event "Team 45 45 League T31"]
[Site "Internet Chess Club"]
[Date "2006.07.30"]
[Round "6"]
[White "Sean"]
[Black "Katzie"]
[Result "0-1"]
[WhiteElo "1510"]
[BlackElo "1757"]
[TimeControl "2700+45"]

1. c4 e5 2. g3 Bc5 3. Bg2 Nc6 4. Nc3 Nf6 5. Nd5 d6 6. e3 Bf5 7. Ne2 Nxd5 8. Bxd5
Nb4 9. Bxb7 Rb8 10. Bg2 Nc2+ 11. Kf1 Nxa1 12. d4 exd4 13. exd4 Bb4 14. a3 Ba5
15. b4 Bb6 16. Bc6+ Kf8 17. Kg2 a5 18. b5 Qe7 19. Re1 Be4+ 20. Bxe4 Qxe4+ 21. f3
Qc2 22. Qxc2 Nxc2 23. Rd1 Re8 24. Kf2 a4 25. h3 Ke7 26. Rd3 Kd7 27. c5 Ba5 28.
c6+ Kd8 29. Bb2 d5 30. Bc1 Be1+ 31. Kf1 Bxg3 32. Bd2 Bd6 33. Bc1 Re7 34. Nc3
Re1+ 35. Kg2 Rxc1 36. Nxd5 Ne1+ 37. Kf1 Nxd3+ 38. Ke2 Nf4+ 39. Nxf4 Bxf4 40. Kd3
Re8 41. d5 Re3+ 42. Kd4 f5 43. d6 Rcc3 44. b6 Red3# {White checkmated} 0-1 
aics%

[Event "Team 45 45 League T31"]
[Site "Internet Chess Club"]
[Date "2006.07.29"]
[Round "6"]
[White "kabindra"]
[Black "Spady"]
[Result "1-0"]
[WhiteElo "1862"]
[BlackElo "1683"]
[TimeControl "2700+45"]

1. e4 c5 2. d4 cxd4 3. c3 dxc3 4. Nxc3 Nc6 5. Nf3 d6 6. Bc4 e6 7. O-O Nf6 8. e5
Ng4 9. Bg5 f6 10. exf6 Nxf6 11. Qe2 Qd7 12. Bxf6 gxf6 13. Ne4 Bg7 14. Rad1 O-O
15. Nxd6 Qe7 16. Nxc8 Raxc8 17. Bxe6+ Kh8 18. Rd7 Qb4 19. a3 Qb6 20. Bf5 Rfe8
21. Qd3 Qxb2 22. Rxg7 Kxg7 23. Bxc8 Rd8 24. Qf5 Ne7 25. Qg4+ Ng6 26. Bf5 Qb3 27.
Nh4 Qf7 28. Be6 Qf8 29. Nf5+ Kh8 30. h4 Ne5 31. Qh5 Qxa3 32. Qh6 Qf8 33. Qxf8+
Rxf8 34. Rc1 b6 35. Rc7 Re8 36. Bb3 Ra8 37. Nd6 a5 38. f4 Ng6 39. h5 Nxf4 40. h6
Rf8 41. Rg7 Nh5 42. Nf7+ Rxf7 43. Rxf7 b5 44. Rf8# {Black checkmated} 1-0  aics%

[Event "Team 45 45 League T31"]
[Site "Internet Chess Club"]
[Date "2006.07.30"]
[Round "6"]
[White "fmvgvg"]
[Black "jayes"]
[Result "1-0"]
[WhiteElo "2010"]
[BlackElo "1900"]
[TimeControl "2700+45"]

1. e4 c5 2. Nf3 Nc6 3. d4 cxd4 4. Nxd4 Nf6 5. Nc3 e5 6. Ndb5 d6 7. Bg5 a6 8. Na3
b5 9. Bxf6 gxf6 10. Nd5 f5 11. c3 Rb8 12. Bd3 Be6 13. O-O f4 14. c4 b4 15. Nc2
h5 16. Be2 Bg7 17. Qd2 a5 18. Rac1 Bg4 19. Rfd1 Rh6 20. h3 Qh4 21. Qd3 Rd8 22.
a3 Bxe2 23. Qxe2 b3 24. Ne1 Nd4 25. Rxd4 Rg6 26. Rd3 Qg5 27. Rxb3 f3 28. Qe3 Qh4
29. Qxf3 Bh6 30. Rb7 Rg7 31. Nc7+ Kd7 32. Nd5+ Kc8 33. Rc7+ Kb8 34. Qb3+ {Black
resigns} 1-0  aics%

[Event "Team 45 45 League T31"]
[Site "Internet Chess Club"]
[Date "2006.07.28"]
[Round "6"]
[White "JohnnySP"]
[Black "chipionero"]
[Result "1-0"]
[WhiteElo "1841"]
[BlackElo "1731"]
[TimeControl "2700+45"]

1. e4 c5 2. Nf3 d6 3. d4 cxd4 4. Nxd4 Nf6 5. Nc3 a6 6. Be3 e5 7. Nb3 Be6 8. f3
Nbd7 9. Qd2 Be7 10. O-O-O O-O 11. Kb1 Qc7 12. g4 Rfc8 13. g5 Ne8 14. Nd5 Bxd5
15. exd5 Nb6 16. Na5 Nd7 17. h4 Nc5 18. Bh3 Rcb8 19. h5 Bd8 20. Nb3 Nxb3 21.
cxb3 b5 22. g6 fxg6 23. hxg6 hxg6 24. Be6+ Kf8 25. Rh8+ Ke7 26. Bg5+ Nf6 27.
Bxf6+ {Black resigns} 1-0  aics%

[Event "Team 45 45 League T31"]
[Site "Internet Chess Club"]
[Date "2006.07.30"]
[Round "6"]
[White "egd01"]
[Black "MrShaw"]
[Result "0-1"]
[WhiteElo "1580"]
[BlackElo "1719"]
[TimeControl "2700+45"]

1. e4 e6 2. d4 d5 3. e5 c5 4. c3 Nc6 5. Nf3 Qb6 6. a3 c4 7. Be2 Bd7 8. O-O O-O-O
9. Nbd2 Na5 10. Rb1 Nh6 11. b4 cxb3 12. Nxb3 Ba4 13. Nfd2 f6 14. exf6 gxf6 15.
Qc2 Nf5 16. Bg4 Nh4 17. g3 f5 18. Be2 Rg8 19. c4 Kb8 20. c5 Qc7 21. Qc3 Nc6 22.
Nf3 Ng6 23. Qb2 f4 24. Nh4 Nxh4 25. Bd2 fxg3 26. Ba5 gxh2+ 27. Kh1 Qg7 28. Bg4
Qxg4 29. f4 Nf3 30. Qf2 Bxb3 31. Bxd8 Bc2 32. Rbc1 Be4 {White resigns} 0-1 
aics%

[Event "Team 45 45 League T31"]
[Site "Internet Chess Club"]
[Date "2006.07.29"]
[Round "6"]
[White "mickeys"]
[Black "arriero55"]
[Result "1-0"]
[WhiteElo "1726"]
[BlackElo "1581"]
[TimeControl "2700+45"]

1. d4 Nf6 2. c4 g6 3. Nc3 Bg7 4. e4 d6 5. f3 Nbd7 6. Be3 a6 7. a4 c6 8. Nge2 Nb6
9. Nc1 Nbd7 10. Nb3 b6 11. Qd2 e5 12. d5 cxd5 13. cxd5 O-O 14. Be2 Ra7 15. a5
Ra8 16. axb6 Nxb6 17. Na5 Bb7 18. Nxb7 Qc7 19. Na5 Nbd7 20. Nc4 Rfb8 21. Na5 Re8
22. Nc6 Nb8 23. Nxb8 Rexb8 24. Rxa6 Rxa6 25. Bxa6 Qa5 26. Bd3 Qa1+ 27. Nd1 Qa4
28. O-O Qd7 29. b4 Ne8 30. b5 Nc7 31. b6 Na8 32. Qb4 Bf8 33. Nc3 Be7 34. Bb5 Qd8
35. Bc6 Nxb6 36. Nb5 Nd7 37. Qa3 Nb6 38. Rc1 Nc8 39. Na7 Bg5 40. Nxc8 Rxc8 41.
Bxg5 Qxg5 42. Kf2 Qh4+ 43. Kg1 Qd8 44. Rb1 Kg7 45. Rb7 Kg8 46. Qe3 Ra8 47. Ra7
Rb8 48. h3 Kg7 49. Rd7 Qf8 50. Qa3 Rd8 51. Qa7 Rxd7 52. Qxd7 Kf6 53. Qc7 Qe7 54.
Qxe7+ Kxe7 55. h4 h6 56. g3 f6 57. Kg2 g5 58. Kh3 Kf7 59. Kg4 Kg7 60. Kf5 Kf7
61. Bd7 gxh4 62. gxh4 Ke7 63. Be6 {Black resigns} 1-0  aics%

[Event "Team 45 45 League T31"]
[Site "Internet Chess Club"]
[Date "2006.07.31"]
[Round "6"]
[White "Traho"]
[Black "Just-Jim"]
[Result "1-0"]
[WhiteElo "1283"]
[BlackElo "1330"]
[TimeControl "2700+45"]

1. e4 e5 2. Nf3 Nc6 3. Bb5 Nge7 4. O-O a6 5. Bxc6 Nxc6 6. Re1 Bc5 7. c3 d6 8. d4
exd4 9. cxd4 Bb6 10. Nc3 O-O 11. Bf4 Qf6 12. Nd5 Qd8 13. Nxb6 cxb6 14. Rc1 b5
15. d5 Na5 16. b3 Bg4 17. Qd3 h6 18. h3 Bh5 19. Nd4 Qf6 20. Qd2 b6 21. f3 Rac8
22. Be3 Nb7 23. Nc6 Nc5 24. Bd4 Qh4 25. Bf2 Qf6 26. Qd4 Qg5 27. Qe3 Qxe3 28.
Bxe3 Kh7 29. Red1 Nxe4 30. Bxb6 Ng3 31. Kf2 f5 32. Kxg3 f4+ 33. Kf2 Rce8 34. Re1
Rc8 35. Re6 Rfd8 36. Bxd8 Bf7 37. Rxd6 a5 38. Bxa5 Bg6 39. Rxg6 Kxg6 40. Ne5+
Kf5 41. Rxc8 Kxe5 42. Rd8 Kf5 43. Rc8 {Black resigns} 1-0  aics%

[Event "Team 45 45 League T31"]
[Site "Internet Chess Club"]
[Date "2006.08.03"]
[Round "6"]
[White "fabill"]
[Black "slakkjaw"]
[Result "0-1"]
[WhiteElo "1217"]
[BlackElo "1271"]
[TimeControl "2700+45"]

1. d4 d5 2. h3 c5 3. Nf3 Nc6 4. e3 Nf6 5. Nc3 Bf5 6. a3 e6 7. Bb5 Bd6 8. Ba4 Qc7
9. Nb5 Qd7 10. Nxd6+ Qxd6 11. Bd2 a6 12. Bb3 c4 13. Ba2 b5 14. Ne5 Nxe5 15. dxe5
Qxe5 16. Bc3 Qe4 17. Bxf6 gxf6 18. Rg1 Rg8 19. Bb1 Rxg2 20. Rxg2 Qxg2 21. h4
Qg1+ 22. Ke2 Bg4+ 23. f3 Qg2+ 24. Ke1 Bxf3 25. Qd2 Qg1# {White checkmated} 0-1 
aics%

[Event "Team 45 45 League T31"]
[Site "Internet Chess Club"]
[Date "2006.08.01"]
[Round "6"]
[White "wellfred"]
[Black "Renato77"]
[Result "0-1"]
[WhiteElo "1167"]
[BlackElo "1187"]
[TimeControl "2700+45"]

1. e4 c5 2. Nc3 Nc6 3. Nf3 e6 4. Bb5 a6 5. Bxc6 bxc6 6. d3 d6 7. h3 Nf6 8. Bg5
Be7 9. O-O O-O 10. Re1 Re8 11. e5 Nd5 12. Bxe7 Qxe7 13. exd6 Qxd6 14. Ne4 Qe7
15. Qd2 e5 16. b3 a5 17. Neg5 f6 18. Ne4 Qf7 19. a4 Rd8 20. Nxc5 Nb4 21. Ne4 Qg6
22. Ng3 Nxd3 23. Nh4 Qh6 24. Qxh6 gxh6 25. cxd3 Rxd3 26. Re3 Rd2 27. Nhf5 h5 28.
Ne7+ Kf7 29. Nxc8 Rxc8 30. Rb1 h4 31. Nf5 c5 32. Rc1 Ke6 33. Nxh4 Rb2 34. Nf3 h6
35. Rcc3 f5 36. g3 e4 37. Nh4 Kf6 38. Ng2 Ke5 39. Rc4 Rb1+ 40. Kh2 Rd1 41. f4+
Kd5 42. Nh4 Ke6 43. Nf3 Rd3 44. Rxd3 exd3 45. Nd2 Kd5 46. Kg2 Re8 47. Kf2 Re2+
48. Kf1 Rxd2 49. Ke1 Re2+ 50. Kd1 Rb2 51. g4 fxg4 52. hxg4 Rxb3 53. f5 Kxc4 54.
f6 Kc3 55. f7 Rb1# {White checkmated} 0-1  aics%

[Event "Team 45 45 League T31"]
[Site "Internet Chess Club"]
[Date "2006.07.31"]
[Round "6"]
[White "AlPearson"]
[Black "frenchmen"]
[Result "0-1"]
[WhiteElo "1358"]
[BlackElo "1484"]
[TimeControl "2700+45"]

1. e4 e6 2. d4 d5 3. c4 dxe4 4. Be3 Nf6 5. Nc3 Bb4 6. Qc2 Nc6 7. O-O-O Bxc3 8.
Qxc3 a5 9. f3 Nb4 10. Kb1 O-O 11. g4 exf3 12. g5 Ne4 13. Qe1 e5 14. dxe5 Bf5 15.
Bh3 Nc3+ 16. Ka1 Nc2# {White checkmated} 0-1  aics%

[Event "Team 45 45 League T31"]
[Site "Internet Chess Club"]
[Date "2006.07.29"]
[Round "6"]
[White "shorkiii"]
[Black "Rubacchus"]
[Result "0-1"]
[WhiteElo "1290"]
[BlackElo "1349"]
[TimeControl "2700+45"]

1. e4 e5 2. Bc4 Nf6 3. d4 exd4 4. e5 Ne4 5. Qxd4 Nc5 6. b4 Ne6 7. Bxe6 fxe6 8.
Nf3 Nc6 9. Qd1 Bxb4+ 10. c3 Be7 11. O-O O-O 12. Be3 d6 13. Bd4 d5 14. Nbd2 b6
15. c4 dxc4 16. Nxc4 Ba6 17. Rc1 Nxd4 18. Nxd4 Rf4 19. Nxe6 Qxd1 20. Rfxd1 Rxc4
21. Nxc7 Rxc1 22. Rxc1 Rc8 23. h3 Bd8 24. e6 Rxc7 25. Rxc7 Bxc7 {White resigns}
0-1  aics%

[Event "Team 45 45 League T31"]
[Site "Internet Chess Club"]
[Date "2006.07.28"]
[Round "6"]
[White "t-hobbes"]
[Black "Bakudan"]
[Result "0-1"]
[WhiteElo "1297"]
[BlackElo "1262"]
[TimeControl "2700+45"]

1. e4 e6 2. d4 d5 3. e5 c5 4. Nf3 Nc6 5. c4 cxd4 6. Nxd4 Nxe5 7. cxd5 exd5 8.
Bb5+ Nd7 9. Nc3 a6 10. Ba4 b5 11. Bb3 Ndf6 12. Qe2+ Be7 13. O-O Qd6 14. Nf5 Bxf5
15. Rd1 Bg4 16. f3 Be6 17. Ne4 Nxe4 18. fxe4 Qd7 19. exd5 Bg4 20. Qe5 f6 21. Qe4
Bxd1 22. Bxd1 Rd8 23. Bb3 f5 24. Qe5 Nf6 25. a4 O-O 26. axb5 Bc5+ 27. Kh1 Qxb5
28. d6+ Qxb3 29. Qxc5 Rfe8 30. Bd2 Qxb2 31. Bc3 Qb5 32. Qf2 Ne4 33. Qa2+ Kh8 34.
Ba5 Rxd6 35. Rb1 Qd3 36. h3 Nc3 37. Bxc3 Qxc3 38. Qf7 Re1+ 39. Rxe1 Qxe1+ 40.
Kh2 Qe5+ 41. Kg1 Rd1+ 42. Kf2 Qe1+ 43. Kf3 Rd3+ 44. Kf4 Qg3+ 45. Kxf5 Qf2+ 46.
Ke6 Qxf7+ 47. Kxf7 a5 48. g4 Rxh3 49. Ke6 a4 50. g5 a3 51. Kf5 a2 52. Kg4 Ra3
53. Kh5 a1=Q 54. Kh4 Ra4+ 55. Kh5 Qh1# {White checkmated} 0-1  aics%

[Event "Team 45 45 League T31"]
[Site "Internet Chess Club"]
[Date "2006.07.30"]
[Round "6"]
[White "carolinaknight"]
[Black "AtomicDog"]
[Result "1-0"]
[WhiteElo "1209"]
[BlackElo "1227"]
[TimeControl "2700+45"]

1. e4 c5 2. d4 cxd4 3. c3 dxc3 4. Bc4 e6 5. f3 Bc5 6. Ne2 Nc6 7. a3 Nf6 8. b4
Bb6 9. Nbxc3 O-O 10. Bf4 e5 11. Bg5 Bd4 12. Rb1 Bxc3+ 13. Nxc3 Nd4 14. O-O h6
15. Bxf6 Qxf6 16. Nd5 Qd6 17. f4 Ne6 18. Nf6+ gxf6 19. Qxd6 Nxf4 20. Qxf6 b6 21.
Qxe5 Ng6 22. Bxf7+ Rxf7 23. Qe8+ Rf8 24. Qxg6+ {Black resigns} 1-0  aics%

[Event "Team 45 45 League T31"]
[Site "Internet Chess Club"]
[Date "2006.07.30"]
[Round "6"]
[White "Knight77"]
[Black "qs16"]
[Result "0-1"]
[WhiteElo "1791"]
[BlackElo "1737"]
[TimeControl "2700+45"]

1. Nf3 Nf6 2. g3 b6 3. Bg2 Bb7 4. O-O e6 5. d3 Be7 6. Nbd2 O-O 7. e4 d5 8. Re1
dxe4 9. Ng5 c5 10. Ndxe4 Nxe4 11. Nxe4 Nc6 12. Qh5 Nd4 13. Ng5 Bxg5 14. Bxg5 Qd7
15. Re4 Bxe4 16. Bxe4 f5 17. Bxa8 Rxa8 18. c3 Nc6 19. Re1 Rf8 20. Bf4 a6 21. Re3
b5 22. Qe2 Re8 23. h4 Qd5 24. Qh5 Rf8 25. Qe2 Re8 26. c4 bxc4 27. dxc4 Qd7 28.
Rd3 Nd4 29. Qd1 Qb7 30. Be5 Qxb2 31. Bxd4 cxd4 32. Rxd4 Qxa2 33. Rd8 Rxd8 34.
Qxd8+ Kf7 35. Qd7+ Kf6 36. c5 Qd5 37. c6 Qxd7 38. cxd7 Ke7 {White resigns} 0-1

[Event "Team 45 45 League T31"]
[Site "Internet Chess Club"]
[Date "2006.07.29"]
[Round "6"]
[White "hansolo1000"]
[Black "tammany"]
[Result "0-1"]
[WhiteElo "1702"]
[BlackElo "1672"]
[TimeControl "2700+45"]

1. d4 Nf6 2. c4 e6 3. Nc3 Bb4 4. a3 Bxc3+ 5. bxc3 O-O 6. e3 b6 7. Bd3 Bb7 8. f3
d5 9. Ne2 c5 10. O-O Nc6 11. Ng3 dxc4 12. Bxc4 cxd4 13. cxd4 Rc8 14. Ba2 Na5 15.
Qe2 Nd5 16. Ne4 Qe7 17. Bd2 f5 18. Bxd5 Bxd5 19. Bb4 Bc4 20. Qb2 Qd7 21. Nd6
Bxf1 22. Nxc8 Nc4 23. Qf2 Rxc8 24. Kxf1 Qb5 25. Kg1 a5 26. Be1 Qb3 27. Rc1 Qxa3
28. e4 Qxc1 {White resigns} 0-1  aics%

[Event "Team 45 45 League T31"]
[Site "Internet Chess Club"]
[Date "2006.07.30"]
[Round "6"]
[White "dougmo"]
[Black "GadsHill"]
[Result "0-1"]
[WhiteElo "1507"]
[BlackElo "1550"]
[TimeControl "2700+45"]

1. e4 d6 2. Nc3 Nf6 3. f4 Nbd7 4. Nf3 e5 5. Bc4 h6 6. O-O Be7 7. d4 exd4 8. Nxd4
O-O 9. Qe1 Nc5 10. b4 Be6 11. Nxe6 Nxe6 12. Nd5 c6 13. Nxe7+ Qxe7 14. Bb2 Rad8
15. Qh4 Rfe8 16. Bxf6 Qxf6 17. Qxf6 gxf6 18. c3 f5 19. exf5 Ng7 20. g4 Re3 21.
Rac1 d5 22. Bb3 Rde8 23. f6 Ne6 24. Rfe1 Nxf4 25. Rxe3 Rxe3 26. Bd1 Re1+ {White
resigns} 0-1  aics%

[Event "Team 45 45 League T31"]
[Site "Internet Chess Club"]
[Date "2006.07.30"]
[Round "6"]
[White "Aziraphale"]
[Black "Two-DogMan"]
[Result "1-0"]
[WhiteElo "1407"]
[BlackElo "1508"]
[TimeControl "2700+45"]

1. e4 e5 2. Nf3 d6 3. Nc3 c6 4. d4 exd4 5. Nxd4 Nf6 6. Be2 Be7 7. O-O Nbd7 8.
Re1 O-O 9. Bf3 Re8 10. a3 a6 11. b4 Ne5 12. h3 h6 13. Nf5 Bxf5 14. exf5 Nxf3+
15. Qxf3 d5 16. Bf4 Ne4 17. Nxe4 dxe4 18. Qg4 Bf6 19. Rad1 Qe7 20. Bxh6 Rad8 21.
Bf4 Rxd1 22. Qxd1 Be5 23. Rxe4 Qf6 24. Qd7 Rd8 25. Bxe5 Rxd7 26. Bxf6 Rd1+ 27.
Kh2 gxf6 28. Re8+ Kg7 29. g4 Rd2 30. Kg3 Rxc2 31. Re3 b6 32. Kf3 a5 33. Re2 Rc3+
34. Re3 Rc2 35. bxa5 bxa5 36. Re2 Rc1 37. Kg2 c5 38. Rb2 c4 39. Rb5 c3 40. Rxa5
c2 41. Rc5 Kh6 42. h4 Kg7 43. a4 Kf8 44. a5 Ke7 45. a6 Kd6 46. Rc3 Ra1 47. Rxc2
Rxa6 48. Rc8 Ke7 49. Rg8 Rd6 50. h5 Rd8 51. Rxd8 Kxd8 52. h6 Ke8 53. h7 Kf8 54.
h8=Q+ {Black resigns} 1-0  aics%

[Event "Team 45 45 League T31"]
[Site "Internet Chess Club"]
[Date "2006.07.31"]
[Round "6"]
[White "fredd"]
[Black "MPknight"]
[Result "1/2-1/2"]
[WhiteElo "1548"]
[BlackElo "1639"]
[TimeControl "2700+45"]

1. e4 c5 2. Nc3 Nc6 3. Nf3 d6 4. d4 cxd4 5. Nxd4 Nf6 6. Bg5 e6 7. Nxc6 bxc6 8.
e5 dxe5 9. Qxd8+ Kxd8 10. O-O-O+ Ke7 11. Bd3 h6 12. Bh4 g5 13. Bg3 Nd7 14. f3
Bb7 15. Rhe1 Bg7 16. h4 f6 17. Bf2 a6 18. h5 Rac8 19. b4 Rhd8 20. Ne4 Ra8 21.
Nc5 Nxc5 22. Bxc5+ Kf7 23. Bg6+ Kg8 24. Be7 Rd5 25. Be4 Rxd1+ 26. Rxd1 f5 27.
Bd3 Kf7 28. Bc5 Rd8 29. g4 Kf6 30. Bf2 Bf8 31. a3 f4 32. Bb6 Rd7 33. c3 {Game
drawn by mutual agreement} 1/2-1/2  aics%